[Event "Titled Tuesday Blitz May 16 Late 2023"]
[White "Koutlas, Nikolaos"]
[Black "Averjanov, Alexey"]
[WhiteFideId "25827138"]
[BlackFideId "14109867"]
[WhiteElo "2215"]
[BlackElo "2803"]
[Result "1-0"]
[Round "01"]
[TimeControl "180+2"]
[Date "2023.05.16"]
[WhiteClock "0:01:18"]
[BlackClock "0:01:20"]

1. Nf3 d5 2. c4 e6 3. e3 dxc4 4. Bxc4 Nf6 5. O-O a6 6. a4 c5 7. Nc3 Nc6 8. b3 Be7 9. Bb2 O-O 10. h3 b6 11. Rc1 Bb7 12. d4 cxd4 13. exd4 Nb4 14. Ne5 Rc8 15. Re1 Nfd5 16. Ne4 a5 17. Qh5 g6 18. Qh6 f5 19. Nxg6 fxe4 20. Nxf8 Qxf8 21. Qxe6+ Qf7 22. Bxd5 Nxd5 23. Rxc8+ Bxc8 24. Qxc8+ Kg7 25. Rxe4 Nf6 26. d5 h5 27. Qf5 Kf8 28. Rxe7 Kxe7 29. d6+ Ke8 30. Qxf6 Qxb3 31. Qe7# 1-0


[Site "https://www.chess.com"]

[Event "Titled Tuesday Blitz May 16 Late 2023"]
[White "Bordi, Kevin"]
[Black "Urbina Perez, Juan Antonio"]
[WhiteFideId "621862"]
[BlackFideId "2217368"]
[WhiteElo "2801"]
[BlackElo "2197"]
[Result "1-0"]
[Round "01"]
[TimeControl "180+2"]
[Date "2023.05.16"]
[WhiteClock "0:00:21"]
[BlackClock "0:00:11"]

1. e4 d5 2. exd5 Qxd5 3. Nc3 Qd8 4. d4 Nf6 5. Nf3 Bg4 6. Be3 e6 7. Qd2 Bb4 8. Bd3 c6 9. Ne5 Bh5 10. a3 Be7 11. O-O Bg6 12. Be2 Nbd7 13. Rad1 Nxe5 14. dxe5 Qxd2 15. Rxd2 Nd5 16. Nxd5 exd5 17. c4 dxc4 18. Bxc4 Bf5 19. h3 h5 20. Rfd1 b6 21. Ba6 Rb8 22. Be2 Be6 23. f4 g6 24. Bf3 Rc8 25. b4 O-O 26. g4 hxg4 27. hxg4 c5 28. bxc5 Bxc5 29. Kf2 Bxe3+ 30. Kxe3 Rc3+ 31. Rd3 Rfc8 32. Be2 Rxd3+ 33. Rxd3 Kg7 34. Bf3 Rc4 35. Rd4 Rxd4 36. Kxd4 f6 37. g5 fxg5 38. fxg5 Kf7 39. Bc6 Ke7 40. Be4 Bf7 41. Bd3 Kd7 42. Bb5+ Ke7 43. Bc6 Be6 44. Be4 Bf7 45. Bc2 Kd7 46. Bd3 Ke7 47. Ba6 Be6 48. Bb7 Bf7 49. Ke4 Be6 50. Kf4 Kd7 51. Be4 Bf7 52. Ke3 Ke7 53. Kd4 Be6 54. Bxg6 b5 55. Bd3 a6 56. Kc5 Bc8 57. Kd4 Ke6 58. Be4 a5 59. g6 Ke7 60. Bd5 Kf8 61. Bf7 Kg7 62. Kc5 b4 63. axb4 axb4 64. Kxb4 Bf5 65. Kc5 Bxg6 66. Bxg6 Kxg6 67. Kd6 Kf7 68. Kd7 Kg7 69. e6 Kf8 70. e7+ Kg7 71. e8=Q 1-0


[Site "https://www.chess.com"]

[Event "Titled Tuesday Blitz May 16 Late 2023"]
[White "liwadas82"]
[Black "Mahdavi, Reza"]
[BlackFideId "12595926"]
[WhiteElo "2448"]
[BlackElo "2352"]
[Result "0-1"]
[Round "01"]
[TimeControl "180+2"]
[Date "2023.05.16"]
[WhiteClock "0:00:07"]
[BlackClock "0:00:46"]

1. e4 c5 2. Nf3 d6 3. d4 cxd4 4. Nxd4 Nf6 5. Nc3 g6 6. g3 Bg7 7. Bg2 O-O 8. O-O a6 9. a4 Qc7 10. h3 Nc6 11. Nde2 Bd7 12. Be3 Rab8 13. Nd5 Nxd5 14. exd5 Ne5 15. b3 f5 16. c4 b5 17. axb5 axb5 18. Ra7 Rb7 19. Rxb7 Qxb7 20. f4 Nf7 21. Bd4 bxc4 22. bxc4 Rc8 23. Bxg7 Kxg7 24. Nd4 Rxc4 25. Ne6+ Bxe6 26. dxe6 Qb6+ 27. Kh2 Nd8 28. Re1 Qb2 29. Re2 Qd4 30. Rd2 Qf6 31. Bd5 Rc5 32. Qe2 Qc3 33. Ba2 Nc6 34. Rxd6 Nd4 35. Rxd4 Qxd4 36. h4 Rc3 37. h5 Qe3 38. Qxe3 Rxe3 39. Kh3 Kf6 40. hxg6 hxg6 41. Kh4 Re2 42. g4 Rxa2 43. g5+ Kxe6 44. Kg3 Kd5 45. Kf3 Ra3+ 46. Ke2 Ke4 0-1


[Site "https://www.chess.com"]

[Event "Titled Tuesday Blitz May 16 Late 2023"]
[White "Holt, Conrad"]
[Black "Pasti, Aron"]
[WhiteFideId "2034387"]
[BlackFideId "785857"]
[WhiteElo "2592"]
[BlackElo "2173"]
[Result "1-0"]
[Round "01"]
[TimeControl "180+2"]
[Date "2023.05.16"]
[WhiteClock "0:00:04"]
[BlackClock "0:00:02"]

1. d4 d5 2. c4 e6 3. Nc3 Nf6 4. cxd5 exd5 5. Bg5 Be7 6. e3 O-O 7. Bd3 Re8 8. Nf3 Nbd7 9. O-O h6 10. Bh4 c6 11. Rc1 Ne4 12. Bxe7 Qxe7 13. a3 Ndf6 14. Ne5 Bf5 15. Na4 Nd7 16. Nxd7 Qxd7 17. Qc2 Bg6 18. b4 Rac8 19. Qb2 Nd6 20. Nc5 Qe7 21. Bxg6 fxg6 22. a4 Nc4 23. Qa2 b6 24. Nd3 a5 25. bxa5 Nxa5 26. Ne5 Qd6 27. Qb1 c5 28. Nxg6 cxd4 29. exd4 Nc4 30. Rfe1 Nd2 31. Qd3 Rxc1 32. Rxc1 Ne4 33. Ne5 Qb4 34. Qb5 Qxb5 35. axb5 Nd6 36. Rb1 Ra8 37. f3 Ra5 38. Nd7 Rxb5 39. Rxb5 Nxb5 40. Nxb6 Nxd4 41. Nxd5 Ne6 42. Kf2 Kf7 43. Ke3 g5 44. Ke4 Nf8 45. Kf5 Ng6 46. g3 Nf8 47. Nf6 Ne6 48. Ng4 Ng7+ 49. Ke5 Kg6 50. Nf6 Kf7 51. g4 Kg6 52. Nd5 Kf7 53. Nc7 Kg6 54. Ne6 Ne8 55. h3 h5 56. Nf8+ Kf7 57. Ne6 hxg4 58. hxg4 Kg6 59. Nf8+ Kf7 60. Nd7 Kg6 61. Ke6 Ng7+ 62. Ke7 Nf5+ 63. Ke6 Nd4+ 64. Kd5 Nxf3 65. Ne5+ Kg7 66. Nxf3 1-0


[Site "https://www.chess.com"]

[Event "Titled Tuesday Blitz May 16 Late 2023"]
[White "Davtyan, David Arm."]
[Black "Boyer, Mahel"]
[WhiteFideId "13310046"]
[BlackFideId "45102422"]
[WhiteElo "2274"]
[BlackElo "2439"]
[Result "0-1"]
[Round "01"]
[TimeControl "180+2"]
[Date "2023.05.16"]
[WhiteClock "0:00:12"]
[BlackClock "0:00:02"]

1. d4 d6 2. Nf3 Nd7 3. g3 e5 4. Bg2 g6 5. O-O Bg7 6. Nc3 Ne7 7. e4 O-O 8. Be3 h6 9. Qd2 Kh7 10. Rad1 a6 11. h3 Qe8 12. dxe5 dxe5 13. Qe2 b5 14. Nd5 Nxd5 15. exd5 e4 16. Nd4 Bb7 17. Nc6 Bxc6 18. dxc6 Nf6 19. Bc5 Rg8 20. Bd4 Qxc6 21. Bxf6 Qxf6 22. Bxe4 Rad8 23. b3 Rge8 24. Rxd8 Rxd8 25. Rd1 Re8 26. Qf3 Qb6 27. Rd7 Qe6 28. Bc6 Rf8 29. Rxc7 Rc8 30. Rxc8 Qxc8 31. Be4 Kg8 32. Bb7 Qxh3 33. Bxa6 Qd7 34. Bb7 b4 35. Bd5 Bc3 36. Bc4 Kg7 37. Kg2 Bd2 38. Qe4 Qd6 39. Kf3 Qf6+ 40. Ke2 Bc3 41. Qd5 h5 42. a4 bxa3 43. Qa8 Bd4 44. Qxa3 Qxf2+ 45. Kd1 Be3 46. Qb2+ Bd4 47. Qc1 Bc3 48. Qf4 Qe1# 0-1


[Site "https://www.chess.com"]

[Event "Titled Tuesday Blitz May 16 Late 2023"]
[White "Makridis, Dimitrios"]
[Black "Mackster23"]
[WhiteFideId "25864475"]
[WhiteElo "2277"]
[BlackElo "2443"]
[Result "1-0"]
[Round "01"]
[TimeControl "180+2"]
[Date "2023.05.16"]
[WhiteClock "0:00:11"]
[BlackClock "0:00:07"]

1. e4 e6 2. d4 d5 3. e5 c5 4. c3 Nc6 5. f4 Qb6 6. Nf3 f6 7. Bd3 Bd7 8. Na3 cxd4 9. cxd4 Bb4+ 10. Bd2 Nxd4 11. Nc2 Nxc2+ 12. Qxc2 Qe3+ 13. Kd1 Bxd2 14. Qxd2 Qxd2+ 15. Kxd2 Ne7 16. Rhc1 Nc6 17. a3 a6 18. b4 Ke7 19. Ke3 Rac8 20. g3 h6 21. Nh4 Be8 22. a4 g5 23. Nf3 Bh5 24. b5 axb5 25. axb5 Nb4 26. Nd4 fxe5 27. fxe5 Nxd3 28. Kxd3 Bg6+ 29. Ke3 Rhf8 30. Rxc8 Rxc8 31. Ra7 Rc7 32. b6 Rd7 33. Nb5 Be8 34. Kd4 Kd8 35. Nd6 Ke7 36. Nxb7 Bh5 37. Nc5 1-0


[Site "https://www.chess.com"]

[Event "Titled Tuesday Blitz May 16 Late 2023"]
[White "Liu, Casper"]
[Black "Costachi, Mihnea"]
[WhiteFideId "1454153"]
[BlackFideId "1217518"]
[WhiteElo "2221"]
[BlackElo "2456"]
[Result "1-0"]
[Round "01"]
[TimeControl "180+2"]
[Date "2023.05.16"]
[WhiteClock "0:02:21"]
[BlackClock "0:02:02"]

1. e4 c5 2. Nf3 Nc6 3. c3 e5 4. d4 cxd4 5. cxd4 d5 6. exd5 Qxd5 7. Nc3 Qa5 8. d5 Nb4 9. a3 Na6 10. Nxe5 Bd6 11. Nc4 Qd8 12. Nxd6+ Qxd6 13. Nb5 Qe5+ 14. Be2 Nf6 15. O-O Qxd5 16. Qxd5 Nxd5 17. Bf3 Nac7 18. Re1+ Kf8 19. Nd6 Be6 20. Nxb7 Rb8 21. Nc5 Ke7 22. Bg5+ f6 23. Bh4 Rhd8 24. Bg3 Rbc8 25. Rad1 Kf7 26. Nxe6 Nxe6 27. Bxd5 Rxd5 28. Rxd5 1-0


[Site "https://www.chess.com"]

[Event "Titled Tuesday Blitz May 16 Late 2023"]
[White "Samsonkin, Artiom"]
[Black "Ognean, Mihnea-Ionut"]
[WhiteFideId "13503111"]
[BlackFideId "1232347"]
[WhiteElo "2524"]
[BlackElo "2215"]
[Result "0-1"]
[Round "01"]
[TimeControl "180+2"]
[Date "2023.05.16"]
[WhiteClock "0:00:00"]
[BlackClock "0:00:37"]

1. e4 c5 2. Nf3 e6 3. Nc3 a6 4. d4 cxd4 5. Nxd4 Qc7 6. Bd3 Nf6 7. Qe2 d6 8. f4 Nbd7 9. g4 Nc5 10. g5 Nfd7 11. Be3 b5 12. a3 Bb7 13. O-O-O Rc8 14. Kb1 Nb6 15. Ka2 Be7 16. h4 Nba4 17. Nxa4 bxa4 18. Bd2 d5 19. e5 Ne4 20. Be1 Qb6 21. c3 O-O 22. h5 Rb8 23. f5 exf5 24. Nxf5 Bxa3 25. bxa3 Qb3+ 26. Ka1 Nxc3 27. Bxc3 Qxc3+ 28. Qb2 Qxb2+ 29. Kxb2 d4 30. Kc2 Bxh1 31. Rxh1 Rfc8+ 32. Kd2 Rb2+ 33. Kd1 Rc3 34. Rh3 Rxa3 35. Kc1 Rbb3 36. Kc2 Ra2+ 37. Kc1 a3 38. g6 Rbb2 39. Bb1 Ra1 0-1


[Site "https://www.chess.com"]

[Event "Titled Tuesday Blitz May 16 Late 2023"]
[White "Remizov, Yaroslav"]
[Black "Rottenwohrer Suarez, Juan"]
[WhiteFideId "34134015"]
[BlackFideId "32068182"]
[WhiteElo "2400"]
[BlackElo "2174"]
[Result "1-0"]
[Round "01"]
[TimeControl "180+2"]
[Date "2023.05.16"]
[WhiteClock "0:00:53"]
[BlackClock "0:00:00"]

1. e4 c5 2. Nf3 g6 3. d4 cxd4 4. Qxd4 Nf6 5. e5 Nc6 6. Qa4 Nd5 7. Qe4 Nb6 8. Nc3 d5 9. exd6 Bf5 10. Qh4 Qxd6 11. Nb5 Qb4+ 12. Bd2 Qxh4 13. Nxh4 Rc8 14. Nxf5 gxf5 15. O-O-O Bg7 16. Bd3 a6 17. Bxf5 axb5 18. Bxc8 Nxc8 19. Rhe1 O-O 20. Be3 Nd6 21. Bc5 Nc4 22. b3 N4e5 23. f4 Ng6 24. g3 Ra8 25. Kb1 e6 26. Rd7 Nf8 27. Rxb7 b4 28. Rd1 Bc3 29. Rd6 Na5 30. Rb5 1-0


[Site "https://www.chess.com"]

[Event "Titled Tuesday Blitz May 16 Late 2023"]
[White "Wizard_of_Odds"]
[Black "Yanchenko, Roman"]
[BlackFideId "4137329"]
[WhiteElo "2442"]
[BlackElo "2491"]
[Result "0-1"]
[Round "01"]
[TimeControl "180+2"]
[Date "2023.05.16"]
[WhiteClock "0:00:06"]
[BlackClock "0:00:16"]

1. d4 d5 2. c4 c6 3. Nf3 Nf6 4. e3 Bf5 5. Nc3 e6 6. Nh4 Be4 7. f3 Bg6 8. Bd2 Nbd7 9. Nxg6 hxg6 10. f4 Qb6 11. Qb3 Qxb3 12. axb3 Bd6 13. Bd3 a6 14. Ke2 Ke7 15. c5 Bc7 16. b4 Nh7 17. Raf1 g5 18. h3 f5 19. g4 g6 20. Rfg1 Rag8 21. h4 gxf4 22. exf4 Nhf6 23. g5 Ne4 24. Be3 Rh7 25. Rh3 Rgh8 26. Rgh1 Kf7 27. Nxe4 fxe4 28. Bc2 Ke7 29. Kf2 Rf8 30. Kg3 Rhf7 31. Rf1 e5 32. dxe5 Nxe5 33. h5 gxh5 34. Rxh5 Ng6 35. Kg4 Bxf4 36. Bd4 Be5 37. Rxf7+ Rxf7 38. Be3 Bxb2 39. Rh6 Ne5+ 40. Kh5 Rf3 41. g6 Rxe3 42. g7 Kf7 43. Rh7 Rh3+ 44. Kg5 Rxh7 45. b5 Rxg7+ 46. Kf4 Kf6 47. bxc6 Bc1# 0-1


[Site "https://www.chess.com"]

[Event "Titled Tuesday Blitz May 16 Late 2023"]
[White "Hayrapetyan, Hovik"]
[Black "Ziatdinov, Raset"]
[WhiteFideId "13302639"]
[BlackFideId "2015323"]
[WhiteElo "2348"]
[BlackElo "2220"]
[Result "1-0"]
[Round "01"]
[TimeControl "180+2"]
[Date "2023.05.16"]
[WhiteClock "0:01:29"]
[BlackClock "0:00:50"]

1. d4 Nf6 2. c4 g6 3. Nc3 Bg7 4. g3 d6 5. Bg2 O-O 6. Nf3 Nc6 7. d5 Na5 8. b3 c5 9. Bb2 a6 10. O-O Bd7 11. Qc2 Rb8 12. Rab1 b5 13. Nd2 bxc4 14. bxc4 Qc7 15. h3 Rb7 16. Ba1 Rfb8 17. Rxb7 Rxb7 18. Rb1 Qb8 19. Rxb7 Qxb7 20. Ncb1 Qb4 21. Bc3 Qb6 22. Na3 Ne8 23. Qb1 Qxb1+ 24. Naxb1 Bxc3 25. Nxc3 Nc7 26. e4 Kg7 27. f4 e5 28. fxe5 dxe5 29. g4 Kf8 30. Kf2 Ne8 31. Bf1 Nd6 32. Bd3 Ke7 33. Nd1 f5 34. gxf5 gxf5 35. exf5 Bxf5 36. Bxf5 Nxf5 37. Ne3 Nd6 38. Kf3 Kf6 39. Ne4+ Nxe4 40. Kxe4 Nb7 41. Ng4+ Kg5 42. Nxe5 Nd6+ 43. Kd3 Kh4 44. Nf3+ Kg3 45. Ng5 h6 46. Ne4+ Nxe4 47. Kxe4 Kxh3 48. d6 Kg3 49. d7 h5 50. d8=Q h4 51. Qg5+ 1-0


[Site "https://www.chess.com"]

[Event "Titled Tuesday Blitz May 16 Late 2023"]
[White "Prydun, Andriy"]
[Black "Fernandez Guillen, Ernesto J."]
[WhiteFideId "14145898"]
[BlackFideId "3512428"]
[WhiteElo "2164"]
[BlackElo "2429"]
[Result "0-1"]
[Round "01"]
[TimeControl "180+2"]
[Date "2023.05.16"]
[WhiteClock "0:00:02"]
[BlackClock "0:00:07"]

1. e4 e5 2. Nf3 Nc6 3. Nc3 g6 4. Bb5 Bg7 5. d3 Nge7 6. Be3 Nd4 7. Bc4 O-O 8. Bxd4 exd4 9. Nd5 Nxd5 10. Bxd5 c6 11. Bb3 d5 12. exd5 Re8+ 13. Kf1 cxd5 14. h3 a5 15. a4 Ra6 16. Qd2 Rae6 17. Re1 Rxe1+ 18. Nxe1 h6 19. g3 g5 20. Kg2 b6 21. Nf3 Be6 22. h4 g4 23. Nh2 h5 24. Re1 Qf6 25. Qe2 Rc8 26. Qd2 Bh6 27. Qe2 Kg7 28. Qe5 Qxe5 29. Rxe5 Kg6 30. Kf1 Bg7 31. Re1 Bf6 32. Ke2 Kf5 33. Kd1 Be7 34. Nf1 Bb4 35. Re2 Rc5 36. Nd2 Bd7 37. Nb1 b5 38. axb5 Bxb5 39. Ba2 Bd7 40. Nd2 a4 41. Nb1 Ba5 42. Na3 Be6 43. Kc1 Bb4 44. Kd1 Bxa3 45. bxa3 Rc3 46. Kc1 Rxa3 47. Kb2 Rc3 48. Re1 Kf6 49. Ra1 a3+ 50. Kb1 Ke5 51. Bb3 f5 52. Rxa3 f4 53. Ra7 fxg3 54. fxg3 Kf6 55. Rh7 Bf7 56. Rh6+ Kf5 57. Rh7 Kg6 58. Rh8 Rc6 59. Rd8 Rf6 60. Bxd5 Bxd5 61. Rxd5 Rf3 62. Rg5+ Kh6 63. Rd5 Rxg3 64. Rxd4 Rh3 65. c4 g3 66. Rd6+ Kg7 67. Rd7+ Kf6 68. Rd6+ Kf5 69. Rd5+ Kf4 70. Rd4+ Kf3 0-1


[Site "https://www.chess.com"]

[Event "Titled Tuesday Blitz May 16 Late 2023"]
[White "Hambleton, Aman"]
[Black "Martin Barcelo, Carles"]
[WhiteFideId "2606577"]
[BlackFideId "24561444"]
[WhiteElo "2511"]
[BlackElo "2089"]
[Result "1-0"]
[Round "01"]
[TimeControl "180+2"]
[Date "2023.05.16"]
[WhiteClock "0:00:12"]
[BlackClock "0:00:02"]

1. d4 Nf6 2. Bf4 g6 3. Nc3 d5 4. e3 Bg7 5. h4 h5 6. Nf3 O-O 7. Ne5 c5 8. Qd2 Nc6 9. O-O-O Ne4 10. Nxe4 dxe4 11. Nxc6 bxc6 12. dxc5 Be6 13. Qxd8 Rfxd8 14. Ba6 Bg4 15. Rxd8+ Rxd8 16. Bb7 e5 17. Bg3 f5 18. Bxc6 Rc8 19. Bd5+ Kf8 20. b4 a5 21. a3 Ke7 22. c4 f4 23. Bh2 Bh6 24. Kd2 Kd7 25. Rb1 Rc7 26. Bxe4 fxe3+ 27. fxe3 Ke6 28. Bd5+ Kf5 29. Rf1+ 1-0


[Site "https://www.chess.com"]

[Event "Titled Tuesday Blitz May 16 Late 2023"]
[White "Papayan, Oleg"]
[Black "Milikow, Yoav"]
[WhiteFideId "4193911"]
[BlackFideId "2822237"]
[WhiteElo "2171"]
[BlackElo "2410"]
[Result "1/2-1/2"]
[Round "01"]
[TimeControl "180+2"]
[Date "2023.05.16"]
[WhiteClock "0:01:10"]
[BlackClock "0:01:03"]

1. e4 e5 2. Nf3 Nc6 3. Bb5 Nf6 4. O-O Nxe4 5. Re1 Nd6 6. Nxe5 Be7 7. Bf1 Nxe5 8. Rxe5 O-O 9. d4 Bf6 10. Bd3 Bxe5 11. dxe5 Ne8 12. Nc3 d6 13. Qh5 g6 14. Qh6 Be6 15. Bg5 f6 16. exf6 Qd7 17. Bxg6 hxg6 18. Qxg6+ Kh8 19. Qh6+ Kg8 20. Qg6+ Kh8 21. Qh6+ Kg8 22. Qg6+ 1/2-1/2


[Site "https://www.chess.com"]

[Event "Titled Tuesday Blitz May 16 Late 2023"]
[White "Wagner, Dennis"]
[Black "Marra, Eduardo da Costa"]
[WhiteFideId "24650684"]
[BlackFideId "2106990"]
[WhiteElo "2478"]
[BlackElo "2252"]
[Result "0-1"]
[Round "01"]
[TimeControl "180+2"]
[Date "2023.05.16"]
[WhiteClock "0:00:00"]
[BlackClock "0:01:02"]

1. e4 c5 2. Nf3 e6 3. d4 cxd4 4. Nxd4 Nf6 5. Nc3 Nc6 6. Be2 Bb4 7. O-O Bxc3 8. bxc3 Nxe4 9. Nxc6 bxc6 10. Qd4 d5 11. Qxg7 Qf6 12. Qxf6 Nxf6 13. Rb1 Ne4 14. Rb3 a5 15. f3 a4 16. Ra3 Nd6 17. c4 Nxc4 18. Bxc4 dxc4 19. Bf4 Ke7 20. Rd1 f6 21. Bd6+ Kf7 22. Bc5 Ra5 23. Be3 e5 24. Kf2 Be6 25. Rb1 Rb5 26. Rc1 Ra8 27. Rc3 Bd5 28. a3 Ke6 29. g4 Rg8 30. Bd2 Rb7 31. Re3 h5 32. h3 Rh7 33. Re2 hxg4 34. hxg4 Rh3 35. Rh1 Rxh1 36. Ke3 Rh3 37. Rf2 Rxg4 0-1


[Site "https://www.chess.com"]

[Event "Titled Tuesday Blitz May 16 Late 2023"]
[White "Balague Camps, Marc"]
[Black "Chen, Ryo"]
[WhiteFideId "2297914"]
[BlackFideId "7003072"]
[WhiteElo "2089"]
[BlackElo "2169"]
[Result "0-1"]
[Round "01"]
[TimeControl "180+2"]
[Date "2023.05.16"]
[WhiteClock "0:01:17"]
[BlackClock "0:00:54"]

1. d4 Nf6 2. c4 g6 3. Nc3 Bg7 4. e4 d6 5. f4 O-O 6. Nf3 e5 7. fxe5 dxe5 8. d5 c6 9. Be2 b5 10. O-O bxc4 11. Nxe5 cxd5 12. exd5 Nbd7 13. Nc6 Qb6+ 14. Kh1 Re8 15. Bxc4 Ba6 16. Bxa6 Qxa6 17. Bg5 h6 18. Bh4 g5 19. Bg3 Qb6 20. b4 Nh7 21. Qf3 f5 22. Qxf5 Bxc3 23. Qg6+ Kh8 24. Rf7 Ndf8 25. Qxh6 Bxa1 26. Bd6 Re1+ 0-1


[Site "https://www.chess.com"]

[Event "Titled Tuesday Blitz May 16 Late 2023"]
[White "Trost, Edvin"]
[Black "Yeritsyan, Hayk"]
[WhiteFideId "1729519"]
[BlackFideId "13307320"]
[WhiteElo "2368"]
[BlackElo "2435"]
[Result "1-0"]
[Round "01"]
[TimeControl "180+2"]
[Date "2023.05.16"]
[WhiteClock "0:01:03"]
[BlackClock "0:01:04"]

1. d4 d5 2. Nf3 Nf6 3. c4 e6 4. Nc3 c6 5. Bg5 Nbd7 6. e3 Qa5 7. Nd2 Bb4 8. Qc2 dxc4 9. Bxf6 Nxf6 10. Nxc4 Bxc3+ 11. Qxc3 Qxc3+ 12. bxc3 c5 13. Be2 Ke7 14. Bf3 Rb8 15. O-O b6 16. a4 Ba6 17. Be2 Rhc8 18. Rfc1 Bxc4 19. Bxc4 Rc7 20. Ba6 Nd5 21. e4 Nf6 22. f3 Rd8 23. Rd1 cxd4 24. cxd4 Rc2 25. Ra3 Rb2 26. Rc3 Rd7 27. Bb5 Rd8 28. Rc7+ Kf8 29. Rxa7 Rb4 30. Rb7 Nd7 31. Rxd7 1-0


[Site "https://www.chess.com"]

[Event "Titled Tuesday Blitz May 16 Late 2023"]
[White "Sai Han Thiha"]
[Black "Sieciechowicz, Marcin"]
[WhiteFideId "13012290"]
[BlackFideId "1130170"]
[WhiteElo "1954"]
[BlackElo "2302"]
[Result "1/2-1/2"]
[Round "01"]
[TimeControl "180+2"]
[Date "2023.05.16"]
[WhiteClock "0:00:05"]
[BlackClock "0:00:10"]

1. d4 d5 2. Nf3 Nf6 3. c3 c6 4. Bf4 Bg4 5. Ne5 Bf5 6. e3 e6 7. Qb3 Qb6 8. c4 Nbd7 9. Nc3 Bb4 10. c5 Qa5 11. a3 Bxc3+ 12. bxc3 Nxe5 13. Bxe5 Ne4 14. Qb4 Qxb4 15. cxb4 f6 16. Bf4 g5 17. Bg3 h5 18. f3 Nxg3 19. hxg3 Kd7 20. Kd2 h4 21. g4 Bg6 22. Bd3 Bxd3 23. Kxd3 a5 24. Rhb1 axb4 25. axb4 Kc7 26. Ke2 b5 27. Kd3 Kb7 28. Ke2 Rhf8 29. Kd3 Rg8 30. Ke2 Rh8 31. Kd3 Rxa1 32. Rxa1 h3 33. gxh3 Rxh3 34. Rf1 Kc7 35. Rf2 Kd7 36. e4 e5 37. Ke3 Ke6 38. Kd3 dxe4+ 39. Kxe4 exd4 40. Kxd4 f5 41. Re2+ Kf6 42. gxf5 Kxf5 43. Re5+ Kf6 44. Re3 Rh4+ 45. Kc3 Rc4+ 46. Kb3 Rc1 47. Rd3 Re1 48. Rd6+ Re6 49. Rd8 Ke5 50. Kc3 Rf6 51. Re8+ Kf4 52. Kd4 Kxf3 53. Ke5 Rf4 54. Rc8 g4 55. Rxc6 g3 56. Rg6 Rxb4 57. c6 Rc4 58. Kd6 b4 59. c7 b3 60. Rf6+ Ke2 61. Kd7 Rxc7+ 62. Kxc7 g2 63. Rg6 Kf2 64. Rf6+ Ke3 65. Re6+ Kd2 66. Rg6 b2 67. Rxg2+ Kc3 68. Rxb2 Kxb2 1/2-1/2


[Site "https://www.chess.com"]

[Event "Titled Tuesday Blitz May 16 Late 2023"]
[White "Ivanisevic, Ivan"]
[Black "Gundam, Rohit"]
[WhiteFideId "912417"]
[BlackFideId "75002809"]
[WhiteElo "2592"]
[BlackElo "2427"]
[Result "0-1"]
[Round "01"]
[TimeControl "180+2"]
[Date "2023.05.16"]
[WhiteClock "0:00:00"]
[BlackClock "0:00:47"]

1. d4 Nf6 2. Nf3 e6 3. Bg5 h6 4. Bh4 b6 5. Nbd2 Bb7 6. e3 Be7 7. Bd3 c5 8. c3 Nc6 9. Bxf6 Bxf6 10. Qe2 O-O 11. h4 d5 12. g4 Be7 13. g5 h5 14. g6 Qc7 15. Ng5 Bxg5 16. hxg5 fxg6 17. Bxg6 Ne7 18. Qxh5 Nxg6 19. Qxg6 cxd4 20. cxd4 Rae8 21. f4 Ba6 22. Nf3 e5 23. Qh7+ Kf7 24. Nxe5+ Rxe5 25. fxe5 Qc4 26. Rh2 Ke7 27. Rf2 Qb4+ 0-1


[Site "https://www.chess.com"]

[Event "Titled Tuesday Blitz May 16 Late 2023"]
[White "Moral Garcia, Serafin"]
[Black "Haydon, David L"]
[WhiteFideId "2201925"]
[BlackFideId "415405"]
[WhiteElo "2274"]
[BlackElo "2326"]
[Result "1/2-1/2"]
[Round "01"]
[TimeControl "180+2"]
[Date "2023.05.16"]
[WhiteClock "0:01:01"]
[BlackClock "0:00:15"]

1. c4 c6 2. e4 d5 3. exd5 cxd5 4. d4 Nf6 5. Nc3 e6 6. Nf3 dxc4 7. Bxc4 Be7 8. O-O O-O 9. Re1 a6 10. Bb3 Nc6 11. a3 b5 12. Qd3 Bb7 13. Bc2 b4 14. Bg5 g6 15. Na4 bxa3 16. bxa3 Re8 17. Rab1 Rb8 18. Bf4 Bd6 19. Bxd6 Qxd6 20. Nc5 Ba8 21. Nxa6 Rxb1 22. Rxb1 Nd5 23. g3 Rc8 24. Bb3 Qxa3 25. Nc5 Ncb4 26. Qd2 Qa7 27. Qh6 Qe7 28. Ng5 Nf6 29. Nxf7 Nbd5 30. Ng5 Rb8 31. Bc2 Rxb1+ 32. Bxb1 Nc3 33. Bxg6 hxg6 34. Qxg6+ Qg7 35. Qxg7+ Kxg7 36. Ngxe6+ Kg6 37. h3 Nfd5 38. Nd3 Kf5 39. Nef4 Nxf4 40. Nxf4 Ke4 41. d5 Nxd5 42. Nxd5 Bxd5 43. h4 Kf3 44. Kf1 Bc4+ 45. Kg1 Bd3 46. h5 Bf5 47. Kf1 Kg4 48. h6 Kh5 49. Kg2 Kxh6 50. f3 Kg5 51. g4 Bxg4 52. fxg4 Kxg4 1/2-1/2


[Site "https://www.chess.com"]

[Event "Titled Tuesday Blitz May 16 Late 2023"]
[White "Smirnov, Pavel"]
[Black "Qiao, Cindy"]
[WhiteFideId "4123425"]
[BlackFideId "2620243"]
[WhiteElo "2520"]
[BlackElo "1777"]
[Result "1-0"]
[Round "01"]
[TimeControl "180+2"]
[Date "2023.05.16"]
[WhiteClock "0:01:55"]
[BlackClock "0:00:11"]

1. d4 d5 2. c4 e6 3. Nf3 Nf6 4. g3 Be7 5. Bg2 O-O 6. O-O dxc4 7. Qc2 a6 8. a4 Bd7 9. Qxc4 Bc6 10. Bg5 h6 11. Bxf6 Bxf6 12. Nc3 Nd7 13. e4 Nb6 14. Qd3 a5 15. Rfd1 Qe8 16. b3 Rd8 17. Qe3 Be7 18. Ne5 Bb4 19. Na2 Be7 20. Rac1 Ba3 21. Rc2 Rd6 22. h4 f6 23. Nd3 Qd8 24. Nc5 e5 25. d5 Bxc5 26. Qxc5 Nxa4 27. Qa3 Nb6 28. Rdc1 Bb5 29. Rxc7 Qa8 30. Qxd6 1-0


[Site "https://www.chess.com"]

[Event "Titled Tuesday Blitz May 16 Late 2023"]
[White "Kaplan, Avi Harrison"]
[Black "Schmakel, Sam"]
[WhiteFideId "30934559"]
[BlackFideId "2039311"]
[WhiteElo "1983"]
[BlackElo "2356"]
[Result "0-1"]
[Round "01"]
[TimeControl "180+2"]
[Date "2023.05.16"]
[WhiteClock "0:00:02"]
[BlackClock "0:00:16"]

1. g3 g6 2. Bg2 Bg7 3. Nf3 c5 4. O-O Nc6 5. d3 d5 6. Nc3 Nf6 7. e4 O-O 8. Re1 d4 9. Nb1 e5 10. a4 h6 11. Na3 Be6 12. Bd2 Ne8 13. c3 Qb6 14. Qc2 Nd6 15. c4 a5 16. Nb5 Qd8 17. h3 Nb4 18. Bxb4 axb4 19. b3 Qd7 20. Kh2 Ra6 21. Nxd6 Qxd6 22. Re2 Raa8 23. Rae1 b6 24. Qc1 Rae8 25. Qd2 Bd7 26. Ng1 f5 27. exf5 gxf5 28. Bd5+ Kh8 29. Nf3 Re7 30. Nh4 Rfe8 31. f4 Kh7 32. fxe5 Bxe5 33. Rg1 Bxg3+ 34. Rxg3 Rxe2+ 35. Qxe2 Rxe2+ 36. Ng2 Bc6 37. Bxc6 Qxc6 38. h4 f4 39. Rg4 f3 40. a5 fxg2 41. a6 Qf3 42. Rg3 g1=Q+ 43. Kxg1 Qxg3+ 44. Kf1 Re1# 0-1


[Site "https://www.chess.com"]

[Event "Titled Tuesday Blitz May 16 Late 2023"]
[White "Papasimakopoulos, Alexandros"]
[Black "Kovalevsky, Stanislav"]
[WhiteFideId "4244125"]
[BlackFideId "13508598"]
[WhiteElo "2359"]
[BlackElo "2174"]
[Result "0-1"]
[Round "01"]
[TimeControl "180+2"]
[Date "2023.05.16"]
[WhiteClock "0:00:00"]
[BlackClock "0:00:30"]

1. d4 Nf6 2. c4 e6 3. Nc3 Bb4 4. Qc2 Bxc3+ 5. Qxc3 b6 6. Bg5 Bb7 7. f3 h6 8. Bh4 Nc6 9. e4 g5 10. Bf2 d5 11. cxd5 exd5 12. Bb5 Qd7 13. Rc1 O-O 14. Bxc6 Bxc6 15. Qxc6 Qe7 16. e5 Nh5 17. Ne2 f6 18. O-O fxe5 19. dxe5 Qxe5 20. Bd4 Qf5 21. Qxh6 Nf6 22. Rxc7 Rf7 23. Rxf7 Kxf7 24. Qxf6+ Qxf6 25. Bxf6 Kxf6 26. Rd1 Ke5 27. Nc3 d4 28. Ne2 Rd8 29. Nxd4 Rxd4 30. Rxd4 Kxd4 31. Kf2 Kd3 32. f4 gxf4 33. Kf3 Kc2 34. h4 Kxb2 35. h5 Kxa2 36. h6 b5 37. h7 b4 38. h8=Q b3 39. Qg8 a5 40. Qc4 Ka3 41. Qe4 b2 42. Qc2 a4 43. Kxf4 b1=Q 44. Qc3+ Qb3 45. Qa1+ Kb4 46. g4 a3 47. g5 Qb2 48. Qe1+ Kc5 49. Qe7+ Kc4 50. Qe6+ Kc5 51. Qc8+ Kd6 52. Qd8+ Kc6 53. Qc8+ Kd5 54. Qd7+ Kc4 55. Qc6+ Kd3 56. Qf3+ Kd2 57. Qf2+ Kc3 58. Qc5+ Kb3 59. Qd5+ Kb4 60. Qd6+ Kb5 61. g6 Qh2+ 0-1


[Site "https://www.chess.com"]